 Dungeon Crawl Stone Soup version 0.16.2-3-ga078185 (webtiles) character file.

4 Genodice the Ruffian (level 1, -4/18 HPs)
             Began as a Naga Transmuter on Sept 7, 2015.
             Slain by a hobgoblin
             ... wielding a +0 club
              (6 damage)
             ... on level 1 of the Dungeon.
             The game lasted 00:03:53 (667 turns).

Genodice the Ruffian (Naga Transmuter)               Turns: 667, Time: 00:03:53

Health: -4/18      AC:  1    Str: 12    XL:     1   Next: 70%
Magic:  3/3        EV: 10    Int: 13    God:
Gold:   10         SH:  0    Dex: 11    Spells: 1 memorised, 3 levels left

rFire  . . .     SeeInvis +     g - +0 club
rCold  . . .     Clarity  .     c - +0 robe
rNeg   . . .     SustAb   .     (no shield)
rPois  +         Gourm    .     (no helmet)
rElec  .         Spirit   .     (no cloak)
rCorr  .         Warding  .     (no gloves)
rMut   .         Stasis   .     (no barding)
MR     .....                    (no amulet)
Stlth  +.........               (no ring)
                                (no ring)

@: very slow, not resistant to hostile enchantments, very unstealthy
A: spit poison, see invisible, deformed body, poison resistance, slowness 2
a: Spit Poison


You were on level 1 of the Dungeon.
You were not hungry.

You visited 1 branch of the dungeon, and saw 1 of its levels.

You collected 10 gold pieces.

Inventory:

Hand weapons
 g - a +0 club (weapon)
 h - a +0 hunting sling
Missiles
 b - 35 arrows
Armour
 c - a +0 robe (worn)
Scrolls
 e - 2 scrolls of identify
Potions
 f - a potion of resistance
 j - a potion of curing {unknown}
Books
 d - a book of Changes

   Spells                             Type                      Level
   a - Beastly Appendage              Transmutation                1
   b - Sticks to Snakes               Transmutation                2
   c - Spider Form                    Transmutation/Poison         3
   d - Ice Form                       Ice/Transmutation            4
   e - Blade Hands                    Transmutation                5
Comestibles
 a - a bread ration
 i - a poisonous chunk of flesh


   Skills:
 - Level 1.0 Fighting
 - Level 1.5 Dodging
 - Level 3.0 Unarmed Combat
 - Level 2.0 Spellcasting
 + Level 2.4 Transmutations


You had 3 spell levels left.
You knew the following spells:

 Your Spells              Type           Power        Failure   Level  Hunger
a - Beastly Appendage     Trmt           #.....       12%         1    ##.....


Dungeon Overview and Level Annotations

Branches:
Dungeon (1/15)

Altars:


Innate Abilities, Weirdness & Mutations

You cannot wear boots.
You can spit poison.
You have supernaturally acute eyesight.
Armour fits poorly on your strangely shaped body.
Your system is resistant to poisons.
You cover ground very slowly.


Message History

All of the chunks of flesh in your inventory have rotted away.
You see here a kobold corpse.
You butcher the kobold corpse.
i - a poisonous chunk of flesh You see here a kobold skeleton.
You start resting.
A hobgoblin comes into view. It is wielding a club.
You hit the bush but do no damage. You hit the bush but do no damage.
You barely miss the hobgoblin. The hobgoblin completely misses you.
You closely miss the hobgoblin. The hobgoblin barely misses you.
You closely miss the hobgoblin. The hobgoblin hits you with a club.
You barely miss the hobgoblin. The hobgoblin hits you with a club.
You barely miss the hobgoblin. The hobgoblin barely misses you.
You barely miss the hobgoblin. The hobgoblin hits you with a club.
* * * LOW HITPOINT WARNING * * *
The hobgoblin hits you with a club.
* * * LOW HITPOINT WARNING * * *
The hobgoblin hits you with a club.
You die...

♣.♣.######## ...........#
♣.♣.##♣.♣#♣#♣#######
..#.###............#
♣.♣...♣.♣.♣.♣......#
#..................##
###...♣.♣.♣.♣.....♣P♣♣♣♣
.....................♣.♣
.....÷♣.♣.♣.♣...@g♣.P..♣♣
#...............##♣♣♣..P♣
#......#'#'##...# ♣♣÷.♣
.......#.#.##.... ♣♣.P.......
.......#.#..'.... ♣.♣......
......##.####...# #........
......##>...'... .........
#.....##.#.##...#####♣♣♣♣♣###.
########.#.#####.....♣♣.♣♣..#.
.


You could see a hobgoblin.

Vanquished Creatures
  A hobgoblin (D:1)
  A kobold (D:1)
  A giant newt (D:1)
  2 rats (D:1)
5 creatures vanquished.

Notes
Turn   | Place    | Note
--------------------------------------------------------------
     0 | D:1      | Genodice, the Naga Transmuter, began the quest for the Orb.
     0 | D:1      | Reached XP level 1. HP: 18/18 MP: 3/3
     2 | D:1      | Noticed a draconian
     2 | D:1      | Noticed a dwarf
     6 | D:1      | Noticed an octopode
     6 | D:1      | Noticed a merfolk
     8 | D:1      | Noticed a troll
     8 | D:1      | Noticed a spriggan
    10 | D:1      | Noticed a ghoul
    12 | D:1      | Noticed an ogre
    12 | D:1      | Noticed an elf
    24 | D:1      | Noticed a formicid
    24 | D:1      | Noticed a vampire
    26 | D:1      | Noticed a tengu
    26 | D:1      | Noticed a gargoyle
    28 | D:1      | Noticed a demigod
    28 | D:1      | Noticed a vine stalker
    30 | D:1      | Noticed a felid
    30 | D:1      | Noticed a centaur
    32 | D:1      | Noticed a minotaur
    32 | D:1      | Noticed a human
    34 | D:1      | Noticed a demonspawn
    36 | D:1      | Noticed a naga
   667 | D:1      | Slain by a hobgoblin

Action                   || total
-------------------------++-------
Melee: Club              ||    27
       Unarmed           ||     2
  Use: Scroll            ||     1
